[Event "ICCopen2016"]
[Site "Internet Chess Club"]
[Date "2016.06.03"]
[Round "11"]
[White "Ronibell"]
[Black "ErnestoRondon"]
[Result "1/2-1/2"]
[ICCResult "Game drawn by repetition"]
[WhiteElo "2125"]
[BlackElo "1914"]
[Opening "Sicilian: O'Kelly variation"]
[ECO "B28"]
[NIC "SI.43"]
[Time "20:58:45"]
[TimeControl "180+0"]

1. e4 c5 2. Nf3 a6 3. a4 Nc6 4. c3 e6 5. d4 cxd4 6. cxd4 d5 7. Nc3 dxe4 8.
Nxe4 h6 9. Bd3 Nf6 10. O-O Be7 11. Bf4 O-O 12. Bb1 Nb4 13. Be5 Nxe4 14. Bxe4
Bf6 15. Rc1 Nd5 16. Bb1 g6 17. Qd2 Bg7 18. Bxg7 Kxg7 19. h4 Bd7 20. h5 g5
21. Qd3 f5 22. Rfe1 Qf6 23. Ne5 Bxa4 24. g4 Bb5 25. Qc2 Rac8 26. Qxc8 Rxc8
27. Rxc8 fxg4 28. Rec1 Bc6 29. Be4 Qf4 30. R1xc6 bxc6 31. Bxd5 cxd5 32. Rc7+
Kg8 33. Rc8+ Kg7 34. Rc7+ Kg8 35. Rc8+ Kg7 36. Rc7+ Kg8 37. Rc8+ Kg7
{Game drawn by repetition}
1/2-1/2

[Event "ICCopen2016"]
[Site "Internet Chess Club"]
[Date "2016.06.03"]
[Round "11"]
[White "darthvader"]
[Black "gmgattass"]
[Result "0-1"]
[ICCResult "White checkmated"]
[WhiteElo "1942"]
[BlackElo "2257"]
[Opening "Queen's pawn"]
[ECO "A40"]
[NIC "QO.17"]
[Time "20:58:46"]
[TimeControl "180+0"]

1. d4 a6 2. Nf3 e6 3. Bf4 Nf6 4. e3 d5 5. h3 Ne4 6. Bd3 c5 7. c3 Qb6 8. Qc2
f5 9. O-O Nc6 10. Bh2 Bd7 11. dxc5 Nxc5 12. Be2 Ne4 13. Nbd2 Bd6 14. Nxe4
Bxh2+ 15. Kxh2 fxe4 16. Nd4 O-O 17. Bg4 Ne5 18. Be2 Qc7 19. Kg1 Rf6 20. f4
exf3 21. Nxf3 Raf8 22. Nd4 Ng6 23. Rxf6 Rxf6 24. e4 Qg3 25. exd5 exd5 26.
Rf1 Bxh3 27. Bd3 Bxg2 28. Qxg2 Qe3+ 29. Kh1 Nf4 30. Rxf4 Qxf4 31. Qxd5+ Kh8
32. Ne6 Rh6+ 33. Kg2 Rh2+ 34. Kg1 Qf2# {White checkmated} 0-1

[Event "ICCopen2016"]
[Site "Internet Chess Club"]
[Date "2016.06.03"]
[Round "11"]
[White "Mad-Cobra"]
[Black "pawnloser"]
[Result "0-1"]
[ICCResult "White checkmated"]
[WhiteElo "1818"]
[BlackElo "1643"]
[Opening "Queen's pawn game"]
[ECO "A45"]
[NIC "QP.07"]
[Time "20:59:03"]
[TimeControl "180+0"]

1. d4 Nf6 2. e3 g6 3. f4 Bg7 4. g3 O-O 5. Bg2 d5 6. Nf3 b6 7. O-O Bb7 8. c3
c5 9. Nbd2 e6 10. a4 cxd4 11. cxd4 Nc6 12. Qb3 Na5 13. Qa2 Ba6 14. Re1 Nc4
15. Nxc4 Bxc4 16. b3 Bd3 17. Ba3 Re8 18. Rad1 Be4 19. Ne5 Rc8 20. Rc1 Bxg2
21. Kxg2 Ne4 22. Qb2 Bxe5 23. fxe5 Qg5 24. Bb4 h5 25. Bd6 h4 26. Qe2 hxg3
27. h3 Qh4 28. a5 Ng5 29. Qg4 Qxg4 30. hxg4 Ne4 31. axb6 axb6 32. Kf3 Kg7
33. Bc7 b5 34. Ba5 f5 35. gxf5 gxf5 36. Rh1 Rh8 37. Rxh8 Rxh8 38. Rc7+ Kg6
39. Bb4 Rh2 40. Be1 Rb2 41. Bxg3 Rxb3 42. Bf4 Nd2+ 43. Kg3 Nc4 44. Kh4 Nxe3
45. Rc8 Ng2# {White checkmated} 0-1

[Event "ICCopen2016"]
[Site "Internet Chess Club"]
[Date "2016.06.03"]
[Round "11"]
[White "wmanthony"]
[Black "Yedixon"]
[Result "1-0"]
[ICCResult "Black resigns"]
[WhiteElo "1404"]
[BlackElo "1249"]
[Opening "Caro-Kann: classical, 6.h4"]
[ECO "B18"]
[NIC "CK.11"]
[Time "20:59:40"]
[TimeControl "180+0"]

1. e4 c6 2. d4 d5 3. Nc3 dxe4 4. Nxe4 Bf5 5. Ng3 Bg6 6. h4 h6 7. h5 Bh7 8.
Nf3 Nf6 9. Bd3 Bxd3 10. Qxd3 e6 11. Bd2 c5 12. Qb5+ Qd7 13. Qxd7+ Nbxd7 14.
O-O-O Rc8 15. Be3 Ng4 16. dxc5 Nxe3 17. fxe3 Bxc5 18. Rd3 Nf6 19. Rhd1 Nd5
20. e4 Nf4 21. Rc3 Be3+ 22. Rxe3 {Black resigns} 1-0

[Event "ICCopen2016"]
[Site "Internet Chess Club"]
[Date "2016.06.03"]
[Round "11"]
[White "Entoloma"]
[Black "PawnTerminator"]
[Result "1-0"]
[ICCResult "Black resigns"]
[WhiteElo "2029"]
[BlackElo "1642"]
[Opening "Queen's pawn"]
[ECO "A40"]
[NIC "QO.17"]
[Time "20:59:19"]
[TimeControl "180+0"]

1. d4 e6 2. Nf3 d5 3. e3 c6 4. b3 Nf6 5. Bb2 Bd6 6. Nbd2 O-O 7. Bd3 Re8 8.
O-O Nbd7 9. e4 dxe4 10. Nxe4 Nxe4 11. Bxe4 e5 12. dxe5 Bf8 13. Qd3 g6 14.
Rad1 Qe7 15. Qd6 Nc5 16. Qxe7 Bxe7 17. Bd3 Be6 18. Rfe1 Rad8 19. Bf1 Rxd1
20. Rxd1 Ne4 21. Nd4 Bc5 22. Re1 Nd2 23. Nxe6 Rxe6 24. Bd3 Bb6 25. Re2 Nb1
26. c4 f5 27. Bxb1 {Black resigns} 1-0

[Event "ICCopen2016"]
[Site "Internet Chess Club"]
[Date "2016.06.03"]
[Round "11"]
[White "Peretyatko"]
[Black "jcgs1030"]
[Result "1-0"]
[ICCResult "Black resigns"]
[WhiteElo "2768"]
[BlackElo "1999"]
[Opening "Mieses opening"]
[ECO "A00"]
[NIC "VO.13"]
[Time "20:59:05"]
[TimeControl "180+0"]

1. d3 c5 2. g3 g6 3. c4 Bg7 4. Nc3 Nf6 5. Bg2 O-O 6. a3 Nc6 7. Rb1 d6 8. b4
cxb4 9. axb4 Ng4 10. Bd2 a5 11. b5 Qb6 12. Nh3 Nce5 13. O-O Qd8 14. Na4 h5
15. Ng5 Nd7 16. h3 Ngf6 17. h4 Nc5 18. Nxc5 dxc5 19. Bc3 Qd6 20. Qd2 Rd8 21.
Qb2 Ra7 22. Ra1 b6 23. Be5 Qd7 24. Nf3 Ne8 25. Bxg7 Nxg7 26. Ne5 Qc7 27. Nc6
Rd6 28. Nxa7 Qxa7 29. Rfd1 Bg4 30. d4 cxd4 31. Rxd4 Rxd4 32. Qxd4 Bxe2 33.
c5 Ne6 34. cxb6 Qb8 35. Qe3 Bxb5 36. Rxa5 Qd6 37. Rxb5 {Black resigns} 1-0

[Event "ICCopen2016"]
[Site "Internet Chess Club"]
[Date "2016.06.03"]
[Round "11"]
[White "jps7"]
[Black "kingsac"]
[Result "0-1"]
[ICCResult "White checkmated"]
[WhiteElo "1524"]
[BlackElo "1844"]
[Opening "Old Benoni defense"]
[ECO "A43"]
[NIC "OI.09"]
[Time "20:58:55"]
[TimeControl "180+0"]

1. d4 c5 2. e3 cxd4 3. exd4 e6 4. Nf3 Ne7 5. Bd3 Ng6 6. O-O Be7 7. c3 b6 8.
Qc2 Bb7 9. Ne5 Nc6 10. Nxg6 hxg6 11. h3 Rc8 12. Qd2 Qc7 13. Qe2 Bf6 14. Be3
Ne7 15. Nd2 Nf5 16. Bxf5 gxf5 17. Nf3 Kf8 18. Rfe1 a6 19. Rad1 b5 20. a3 Qc6
21. Bf4 g5 22. Be5 Bxe5 23. Qxe5 Rg8 24. d5 Qc7 25. Qd4 g4 26. hxg4 Rxg4 27.
Qe5 Qxe5 28. Nxe5 Rg7 29. Nxd7+ Ke7 30. Nb6 Rb8 31. d6+ Kf6 32. d7 Rxg2+ 33.
Kf1 Bf3 34. d8=Q+ Rxd8 35. Rxd8 Rh2 36. Kg1 Rh1# {White checkmated} 0-1

[Event "ICCopen2016"]
[Site "Internet Chess Club"]
[Date "2016.06.03"]
[Round "11"]
[White "Nightlife"]
[Black "betterone76"]
[Result "1-0"]
[ICCResult "Black checkmated"]
[WhiteElo "1857"]
[BlackElo "1564"]
[Opening "Sicilian: Smith-Morra gambit"]
[ECO "B21"]
[NIC "SI.47"]
[Time "20:58:45"]
[TimeControl "180+0"]

1. e4 c5 2. d4 cxd4 3. c3 Nf6 4. e5 Nd5 5. Qxd4 e6 6. Nf3 Nc6 7. Qe4 f5 8.
Qe2 Qc7 9. g3 g6 10. Bg2 Bg7 11. O-O Nxe5 12. Re1 Nxf3+ 13. Bxf3 O-O 14. Bg5
Nf6 15. c4 h6 16. Bf4 Qd8 17. Bd6 Re8 18. Nc3 Bf8 19. Nb5 Bxd6 20. Nxd6 Rf8
21. c5 Ne8 22. Rad1 Nxd6 23. Rxd6 Qf6 24. Qb5 Rb8 25. b4 b6 26. c6 a6 27.
Qc4 b5 28. Qc5 dxc6 29. Bxc6 f4 30. Bd7 Bxd7 31. Rxd7 Rbe8 32. Qa7 fxg3 33.
hxg3 Qxf2+ 34. Qxf2 Rxf2 35. Kxf2 e5 36. Rd6 Kg7 37. Rxa6 g5 38. Kf3 Rf8+
39. Kg4 Rf2 40. Rxe5 Rb2 41. Re7+ Kf8 42. Rh7 Kg8 43. Rb7 Rf2 44. Ra8+ Rf8
45. Rxf8+ Kxf8 46. Kf5 Kg8 47. Kg6 h5 48. Kxh5 g4 49. Kxg4 Kf8 50. Kf5 Kg8
51. g4 Kf8 52. g5 Kg8 53. g6 Kh8 54. Kf6 Kg8 55. Rb8# {Black checkmated} 1-0

[Event "ICCopen2016"]
[Site "Internet Chess Club"]
[Date "2016.06.03"]
[Round "11"]
[White "HouseOfFun"]
[Black "hedgie"]
[Result "1-0"]
[ICCResult "Black resigns"]
[WhiteElo "2422"]
[BlackElo "2113"]
[Opening "English: symmetrical variation"]
[ECO "A30"]
[NIC "EO.64"]
[Time "20:58:41"]
[TimeControl "180+0"]

1. c4 c5 2. g3 g6 3. Bg2 Bg7 4. e3 Nc6 5. Ne2 e5 6. O-O Nge7 7. b3 e4 8.
Nbc3 f5 9. Bb2 O-O 10. d4 cxd4 11. Nxd4 Nxd4 12. exd4 d5 13. Ba3 dxc4 14.
bxc4 Be6 15. d5 Bxc3 16. Rc1 Bf6 17. dxe6 Qxd1 18. Rfxd1 Rfd8 19. f3 e3 20.
f4 Rxd1+ 21. Rxd1 Rc8 22. Rc1 Nc6 23. Bd5 Kg7 24. Kf1 Nd4 25. Bb2 b5 26. c5
Kf8 27. c6 a5 28. c7 Ke7 29. Bb7 e2+ 30. Kf2 Nxe6 31. Bxf6+ {Black resigns}
1-0

[Event "ICCopen2016"]
[Site "Internet Chess Club"]
[Date "2016.06.03"]
[Round "11"]
[White "fearlessone"]
[Black "eltigrecu"]
[Result "0-1"]
[ICCResult "White checkmated"]
[WhiteElo "1700"]
[BlackElo "2081"]
[Opening "Van't Kruijs opening"]
[ECO "A00"]
[Time "20:59:02"]
[TimeControl "180+0"]

1. e3 d5 2. Ne2 Nf6 3. d3 Bg4 4. Nd2 e5 5. h3 Bh5 6. g3 Nc6 7. Bg2 Bd6 8.
O-O O-O 9. g4 Bg6 10. f4 exf4 11. exf4 h6 12. f5 Bh7 13. c3 Re8 14. d4 Ne7
15. Nf3 c6 16. Bd2 Ne4 17. Bf4 Nc8 18. Qd3 Bxf4 19. Nxf4 Qd6 20. Ne5 f6 21.
Neg6 Bxg6 22. Nxg6 Ne7 23. Nxe7+ Rxe7 24. Rae1 Rae8 25. Qf3 Nd2 26. Qf2 Nxf1
27. Rxe7 Qxe7 28. Kxf1 Qe3 29. Qxe3 Rxe3 30. Kf2 Re7 31. Bf3 Kf7 32. h4 g6
33. Be2 gxf5 34. gxf5 Kg7 35. h5 Re4 36. Bf3 Re7 37. Bg4 b6 38. a3 a5 39.
Bf3 b5 40. Bg4 b4 41. axb4 axb4 42. cxb4 Rb7 43. b5 Rxb5 44. Ke3 Rxb2 45.
Bd1 Rh2 46. Kf4 Rh4+ 47. Kg3 Rxd4 48. Kf3 Rxd1 49. Ke2 Rh1 50. Kf3 Rxh5 51.
Kg4 Rg5+ 52. Kf4 h5 53. Kf3 h4 54. Kf4 h3 55. Kf3 h2 56. Kf2 h1=Q 57. Ke2
Qh4 58. Ke3 Rg3+ 59. Kf2 Qh2+ 60. Kf1 Rg1# {White checkmated} 0-1

[Event "ICCopen2016"]
[Site "Internet Chess Club"]
[Date "2016.06.03"]
[Round "11"]
[White "Drahacik"]
[Black "Kiketf"]
[Result "1/2-1/2"]
[ICCResult "Game drawn by repetition"]
[WhiteElo "2134"]
[BlackElo "2508"]
[Opening "Ruy Lopez: Schliemann defense, Berger variation"]
[ECO "C63"]
[NIC "RL.06"]
[Time "20:58:41"]
[TimeControl "180+0"]

1. e4 e5 2. Nf3 Nc6 3. Bb5 f5 4. Nc3 Nf6 5. Qe2 fxe4 6. Nxe4 d6 7. d4 Bd7 8.
dxe5 Nxe5 9. Nxe5 dxe5 10. O-O Bd6 11. Nxf6+ Qxf6 12. Bxd7+ Kxd7 13. Be3
Rad8 14. Bxa7 e4 15. Qb5+ Kc8 16. Be3 Qe5 17. Qxe5 Bxe5 18. c3 Rd3 19. Rfd1
Rhd8 20. Rxd3 Rxd3 21. Kf1 h5 22. Ke2 Rd6 23. h3 Rg6 24. g3 b5 25. h4 Ra6
26. a3 g6 27. Rd1 Bd6 28. Rd5 Ra5 29. c4 Kd7 30. Rxb5 Ra8 31. Rg5 Rg8 32. g4
Be7 33. Rd5+ Ke6 34. g5 c6 35. Rd2 Rb8 36. b4 Ra8 37. Bc5 Rxa3 38. Bxe7 Kxe7
39. Rd4 e3 40. fxe3 Ra2+ 41. Kf3 Rb2 42. b5 cxb5 43. cxb5 Rxb5 44. Ra4 Rf5+
45. Kg3 Re5 46. Kf3 Rf5+ 47. Kg3 Rc5 48. Ra7+ Kf8 49. Kf4 Rf5+ 50. Kg3 Rf1
51. e4 Re1 52. Kf3 Rh1 53. Kg3 Re1 54. Kf3 Kg8 55. Kf4 Rh1 56. Ke5 Rf1 57.
Ke6 Rf4 58. e5 Kf8 59. Ra8+ Kg7 60. Ra7+ Kg8 61. Ra8+ Kg7 62. Ra7+ Kf8 63.
Ra8+ Kg7 {Game drawn by repetition} 1/2-1/2

[Event "ICCopen2016"]
[Site "Internet Chess Club"]
[Date "2016.06.03"]
[Round "11"]
[White "JUGGERNOT"]
[Black "chessdad"]
[Result "1-0"]
[ICCResult "Black checkmated"]
[WhiteElo "1831"]
[BlackElo "1312"]
[Opening "Bird's opening"]
[ECO "A02"]
[NIC "VO.07"]
[Time "20:59:35"]
[TimeControl "180+0"]

1. f4 c5 2. Nf3 d6 3. e4 Nc6 4. Bc4 g6 5. d3 Bg7 6. c3 e6 7. O-O Nge7 8. Be3
O-O 9. h3 d5 10. exd5 exd5 11. Bb3 b6 12. Nbd2 Bb7 13. Qe1 Na5 14. Bc2 a6
15. d4 c4 16. Nh4 Bc8 17. g4 Nac6 18. f5 gxf5 19. gxf5 Qc7 20. f6 Ng6 21.
fxg7 Kxg7 22. Bxg6 hxg6 23. Qf2 Bxh3 24. Qf6+ Kh7 25. Rf2 Qg3+ 26. Ng2 Rae8
27. Bf4 Qg4 28. Qg5 Qxg5 29. Bxg5 Re6 30. Bf6 Bxg2 31. Kxg2 Ne7 32. Rh1+ Kg8
33. Rh8# {Black checkmated} 1-0

[Event "ICCopen2016"]
[Site "Internet Chess Club"]
[Date "2016.06.03"]
[Round "11"]
[White "fishmaster"]
[Black "chigato"]
[Result "0-1"]
[ICCResult "White checkmated"]
[WhiteElo "1710"]
[BlackElo "1811"]
[Opening "Caro-Kann defense"]
[ECO "B15"]
[NIC "CK.05"]
[Time "21:00:08"]
[TimeControl "180+0"]

1. e4 c6 2. d4 d5 3. Nc3 Be6 4. exd5 cxd5 5. Nf3 Qd7 6. Bd3 Nc6 7. h3 f6 8.
O-O Bf7 9. Re1 e6 10. Bf4 Bb4 11. a3 Ba5 12. b4 Bc7 13. Qd2 Nge7 14. Na4 b6
15. Bb5 O-O 16. Be3 Bd6 17. Nb2 Qc7 18. c4 a6 19. Ba4 Qb8 20. c5 Bc7 21.
Rac1 b5 22. Bb3 Qc8 23. a4 Qd7 24. axb5 axb5 25. Ra1 e5 26. dxe5 fxe5 27.
Nh2 d4 28. Bg5 Bxb3 29. Nd3 Qf5 30. Bxe7 Nxe7 31. g4 Qf6 32. g5 Qf5 33. Ng4
Bd5 34. Ngxe5 Qxh3 35. Rxa8 Qh1# {White checkmated} 0-1

[Event "ICCopen2016"]
[Site "Internet Chess Club"]
[Date "2016.06.03"]
[Round "11"]
[White "RussianCowboy"]
[Black "huntos"]
[Result "1-0"]
[ICCResult "Black resigns"]
[WhiteElo "2045"]
[BlackElo "1640"]
[Opening "Scandinavian (center counter) defense"]
[ECO "B01"]
[NIC "VO.17"]
[Time "20:59:29"]
[TimeControl "180+0"]

1. e4 d5 2. d3 dxe4 3. dxe4 Qxd1+ 4. Kxd1 e5 5. Nf3 Bg4 6. Be2 f6 7. Nfd2
Bxe2+ 8. Kxe2 Nd7 9. f3 Bc5 10. a4 a5 11. Nb3 Bb6 12. N1d2 Nc5 13. Nxc5 Bxc5
14. Nc4 Ne7 15. Bd2 b6 16. c3 Nc6 17. Bc1 Ke7 18. Nd2 Rhd8 19. Nb3 Bd6 20.
Be3 Ke6 21. Nd2 Ne7 22. Nc4 Nc8 23. Rhd1 Be7 24. Re1 Nd6 25. Nd2 Nb7 26. g3
Bc5 27. Nb3 Bxe3 28. Kxe3 Rd7 29. Rad1 Rad8 30. Rxd7 Rxd7 31. f4 g6 32. Rf1
Nd6 33. Nd2 Nf7 34. f5+ Ke7 35. h4 Nd8 36. g4 Nc6 37. g5 gxf5 38. exf5 Kf7
39. Ne4 fxg5 40. hxg5 Ne7 41. Ng3 Nd5+ 42. Ke4 Nf4 43. Rh1 Kg7 44. Nh5+ Kf8
45. Nxf4 exf4 46. Kxf4 Kg7 47. f6+ Kg8 48. Ke5 {Black resigns} 1-0

[Event "ICCopen2016"]
[Site "Internet Chess Club"]
[Date "2016.06.03"]
[Round "11"]
[White "Tal-Baron"]
[Black "DrOussedik"]
[Result "0-1"]
[ICCResult "White resigns"]
[WhiteElo "2766"]
[BlackElo "2164"]
[Opening "French: Steinitz, Boleslavsky variation"]
[ECO "C11"]
[NIC "FR.04"]
[Time "20:59:21"]
[TimeControl "180+0"]

1. d4 e6 2. e4 d5 3. Nc3 Nf6 4. e5 Nfd7 5. f4 c5 6. Nf3 Nc6 7. Be3 cxd4 8.
Nxd4 Bc5 9. Qd2 O-O 10. O-O-O a6 11. Qf2 Bxd4 12. Bxd4 b5 13. Bd3 b4 14. Ne2
Qc7 15. h4 a5 16. Kb1 Ba6 17. h5 Rfc8 18. Bxa6 Rxa6 19. Be3 a4 20. Nc1 Na5
21. Rh3 Rc6 22. Rd2 Nc4 23. Re2 a3 24. b3 Nb2 25. Rg3 Nd1 26. Rxg7+ Kxg7 27.
Qg3+ Kh8 28. h6 Rg8 29. Qf3 Nc3+ 30. Ka1 Nxe2 {White resigns} 0-1

[Event "ICCopen2016"]
[Site "Internet Chess Club"]
[Date "2016.06.03"]
[Round "11"]
[White "ebochess"]
[Black "hipopotamos"]
[Result "1-0"]
[ICCResult "Black checkmated"]
[WhiteElo "1439"]
[BlackElo "1069"]
[Opening "Queen's pawn game, Chigorin variation"]
[ECO "D02"]
[NIC "QP.08"]
[Time "20:59:25"]
[TimeControl "180+0"]

1. d4 d5 2. Nf3 Nc6 3. Bf4 Nf6 4. e3 Bg4 5. Be2 h6 6. c3 e6 7. h3 Bh5 8.
Nbd2 Be7 9. O-O O-O 10. Re1 Bd6 11. Bxd6 Qxd6 12. Qb3 b6 13. Rac1 Na5 14.
Qa4 a6 15. b4 Nb7 16. c4 dxc4 17. Nxc4 Qe7 18. Nfe5 b5 19. Nc6 Qd7 20. N4e5
Qd6 21. Qc2 Rad8 22. Bxh5 Nxh5 23. Qe2 Nf6 24. Qf3 Rc8 25. Rc2 Rfe8 26. Rec1
Rf8 27. Qg3 Qd5 28. Ne7+ Kh8 29. Nxd5 exd5 30. Rxc7 Rxc7 31. Rxc7 Nd6 32.
Ng6+ fxg6 33. Qxd6 Rg8 34. Ra7 Kh7 35. Rxa6 Kh8 36. Rb6 Kh7 37. Rxb5 Kh8 38.
Rb7 Kh7 39. a4 Kh8 40. a5 Kh7 41. a6 Kh8 42. a7 Kh7 43. Rb8 Kh8 44. Rxg8+
Kxg8 45. a8=Q+ Kh7 46. Qa7 g5 47. Qxf6 Kh8 48. Qfxg7# {Black checkmated} 1-0

[Event "ICCopen2016"]
[Site "Internet Chess Club"]
[Date "2016.06.03"]
[Round "11"]
[White "daviv52"]
[Black "ciatouciso"]
[Result "0-1"]
[ICCResult "White forfeits on time"]
[WhiteElo "2006"]
[BlackElo "1699"]
[Opening "Caro-Kann: advance variation"]
[ECO "B12"]
[NIC "CK.02"]
[Time "20:59:29"]
[TimeControl "180+0"]

1. e4 c6 2. d4 d5 3. e5 g6 4. Nc3 Bg7 5. f4 Nh6 6. Nf3 Bg4 7. Be2 Bxf3 8.
Bxf3 e6 9. Be3 Nf5 10. Bf2 Nd7 11. O-O Qe7 12. Qe1 h5 13. Nd1 Bh6 14. g3
O-O-O 15. Ne3 Rdg8 16. c4 g5 17. Nxf5 exf5 18. cxd5 gxf4 19. dxc6 bxc6 20.
Qc3 c5 21. dxc5 h4 22. Qa5 hxg3 23. hxg3 fxg3 24. Qxa7 gxf2+ 25. Kxf2 Qxe5
26. Qb7+ Kd8 27. c6 Qd4+ 28. Ke2 Re8+ {White forfeits on time} 0-1

[Event "ICCopen2016"]
[Site "Internet Chess Club"]
[Date "2016.06.03"]
[Round "11"]
[White "afgano45"]
[Black "zelog"]
[Result "1-0"]
[ICCResult "Black forfeits on time"]
[WhiteElo "1994"]
[BlackElo "2144"]
[Opening "French: Tarrasch, open variation"]
[ECO "C07"]
[NIC "FR.19"]
[Time "20:59:03"]
[TimeControl "180+0"]

1. e4 e6 2. d4 d5 3. Nd2 c5 4. exd5 Qxd5 5. Ngf3 cxd4 6. Bc4 Qd6 7. O-O Nf6
8. Nb3 Nc6 9. Nbxd4 Nxd4 10. Nxd4 a6 11. c3 Bd7 12. Re1 Qc7 13. Qe2 h5 14.
Bg5 Ng4 15. g3 Bd6 16. Nxe6 fxe6 17. Bxe6 Bxe6 18. Qxe6+ Kf8 19. Rad1 Bc5
20. Rd7 Bxf2+ 21. Kf1 Qxd7 22. Be7+ Qxe7 23. Qxe7+ Kg8 24. Qxb7 Rf8 25. Re7
Bd4+ 26. Ke2 Bf6 27. Qd5+ Kh7 28. Qxh5+ Nh6 29. Re4 g6 30. Qa5
{Black forfeits on time}
1-0

[Event "ICCopen2016"]
[Site "Internet Chess Club"]
[Date "2016.06.03"]
[Round "11"]
[White "UltimateR3cruit"]
[Black "Shadowbane"]
[Result "0-1"]
[ICCResult "White forfeits on time"]
[WhiteElo "1482"]
[BlackElo "1675"]
[Opening "Robatsch (modern) defense"]
[ECO "B06"]
[NIC "KF.06"]
[Time "20:59:22"]
[TimeControl "180+0"]

1. e4 g6 2. f4 Bg7 3. Nf3 h6 4. d4 d6 5. Be3 c5 6. Qd2 cxd4 7. Nxd4 Nf6 8.
e5 dxe5 9. fxe5 Nd5 10. c4 Nxe3 11. Qxe3 O-O 12. Nc3 Qa5 13. Bd3 Qxe5 14.
Qxe5 Bxe5 15. Ndb5 a6 16. Na3 Bxc3+ 17. bxc3 Be6 18. O-O-O Nc6 19. Nc2 Ne5
20. Ne3 Rfd8 21. Kc2 Rac8 22. Rhe1 Nxc4 23. Nxc4 Bxc4 24. Bxc4 Rxd1 25.
Bxf7+ Kxf7 26. Rxd1 Rc7 27. Rf1+ Ke6 28. a4 b5 29. axb5 axb5 30. Kb3 Kd6 31.
Kb4 Rc4+ 32. Kb3 Re4 33. Rd1+ Kc5 34. Rd8 Re2 35. Rc8+ Kb6 36. Re8 e5 37.
Rg8 Rxg2 38. Re8 Rg5 39. Re6+ Kc5 40. h4 Rh5 41. Rxg6 Rxh4 42. Re6 e4 43.
Re5+ Kc6 44. Re6+ Kd5 45. Re8 Rh5 46. Kb4 Re5 47. Rg8 e3 48. Rg1 e2 49. Re1
Ke6 50. Kb3 h5 51. Kc2 h4 52. Kd2 h3 53. c4 bxc4 54. Kc3 Re4 55. Kd2 Kd5 56.
Kc3 Re3+ 57. Kd2 Kd4 58. Rh1 c3+ 59. Kc1 e1=Q+ 60. Rxe1 Rxe1+ 61. Kc2 Re2+
62. Kb3 Rb2+ 63. Ka3 Kc4 {White forfeits on time} 0-1

[Event "ICCopen2016"]
[Site "Internet Chess Club"]
[Date "2016.06.03"]
[Round "11"]
[White "padmanandhini"]
[Black "Cramagica"]
[Result "1-0"]
[ICCResult "Black forfeits on time"]
[WhiteElo "1241"]
[BlackElo "1138"]
[Opening "St. George (Baker) defense"]
[ECO "B00"]
[NIC "VO.17"]
[Time "20:59:07"]
[TimeControl "180+0"]

1. e4 a6 2. Nf3 c6 3. Nc3 f6 4. Bc4 d5 5. exd5 cxd5 6. Bxd5 Nc6 7. Bc4 e5 8.
d3 Bb4 9. Be3 Bxc3+ 10. bxc3 b5 11. Bxg8 Rxg8 12. Bc5 Bg4 13. h3 Bh5 14. c4
bxc4 15. dxc4 Qxd1+ 16. Rxd1 Rd8 17. Rxd8+ Kxd8 18. Bb6+ Kc8 19. O-O Bg6 20.
Rd1 Bxc2 21. Rd6 Ba4 22. Nh4 Kb7 23. Bc5 Rd8 24. Rxd8 Nxd8 25. Nf5 g6 26.
Ng7 Kc6 27. Be7 Nb7 28. Bxf6 e4 29. Kf1 Kc5 30. Ke2 Kxc4 31. Ke3 Bc6 32. Ne6
Nc5 33. Nd4 Bd5 34. Nc2 Nd3 35. f4 exf3 36. gxf3 a5 37. Bd8 a4 38. Be7 Nb4
39. Nxb4 Be6 40. Nc2 Bxh3 41. Ba3 {Black forfeits on time} 1-0

[Event "ICCopen2016"]
[Site "Internet Chess Club"]
[Date "2016.06.03"]
[Round "11"]
[White "Oblique"]
[Black "f8"]
[Result "1-0"]
[ICCResult "Black forfeits on time"]
[WhiteElo "1669"]
[BlackElo "1363"]
[Opening "Trompowsky attack (Ruth, Opocenský opening)"]
[ECO "A45"]
[NIC "QP.07"]
[Time "20:59:50"]
[TimeControl "180+0"]

1. d4 Nf6 2. Bg5 e6 3. e3 Be7 4. Bd3 d5 5. f4 c5 6. c3 Nbd7 7. Nf3 cxd4 8.
exd4 a6 9. Ne5 O-O 10. O-O Qc7 11. Nd2 b5 12. a3 Bb7 13. Ndf3 Nb6 14. Qe1
Nc4 15. Bxc4 dxc4 16. Qg3 Nd5 17. Bxe7 Qxe7 18. Rae1 Rad8 19. f5 Qd6 20.
fxe6 fxe6 21. Ng5 h6 22. Ne4 Qe7 23. Ng6 Rxf1+ 24. Rxf1 Qd7 25. Ne5 Qe8 26.
Nf6+ Nxf6 27. Rxf6 {Black forfeits on time} 1-0

[Event "ICCopen2016"]
[Site "Internet Chess Club"]
[Date "2016.06.03"]
[Round "11"]
[White "welo1969"]
[Black "Sam08"]
[Result "1-0"]
[ICCResult "Black resigns"]
[WhiteElo "1507"]
[BlackElo "2400"]
[Opening "Trompowsky attack (Ruth, Opocenský opening)"]
[ECO "A45"]
[NIC "QP.07"]
[Time "20:59:09"]
[TimeControl "180+0"]

1. d4 Nf6 2. Bg5 Ne4 3. Bf4 d5 4. Nd2 Nxd2 5. Qxd2 Bf5 6. e3 e6 7. Bd3 Bxd3
8. Qxd3 Qd7 9. Nf3 f6 10. O-O Be7 11. e4 O-O 12. exd5 exd5 13. Rfe1 c6 14.
Qe3 Bd6 15. Bxd6 Qxd6 16. Qe7 Qxe7 17. Rxe7 Rf7 18. Re8+ Rf8 19. Re7 Rf7 20.
Re8+ Rf8 21. Re7 b6 22. Rc7 Rf7 23. Rc8+ Rf8 24. Rc7 c5 25. dxc5 Na6 26. Rd7
Nxc5 27. Rxd5 Rfe8 28. Kf1 Kf7 29. Re1 Rxe1+ 30. Kxe1 Rc8 31. c3 Ke6 32. Rd2
a6 33. Nd4+ Kf7 34. Re2 g6 35. Kd2 f5 36. f3 Na4 37. Kc2 Rd8 38. Nb3 Rd6 39.
Re5 Kf6 40. Re8 b5 41. Rf8+ Kg7 42. Ra8 Rc6 43. Nd4 Rd6 44. Nb3 Rc6 45. f4
h6 46. Ra7+ Kf6 47. Nd4 Rb6 48. Nf3 g5 49. g3 Nc5 50. Ne5 Ne4 51. Rf7+ Ke6
52. Rh7 Kd5 53. Nd3 a5 54. Rf7 Ke6 55. Ra7 a4 56. Rh7 Kd5 57. Nb4+ Kc4 58.
Rc7+ Nc5 59. Nd3 {Black resigns} 1-0

[Event "ICCopen2016"]
[Site "Internet Chess Club"]
[Date "2016.06.03"]
[Round "11"]
[White "BlitzorDDD"]
[Black "Creedence"]
[Result "1-0"]
[ICCResult "Black resigns"]
[WhiteElo "2984"]
[BlackElo "3085"]
[Opening "English: symmetrical, Geller variation"]
[ECO "A33"]
[NIC "EO.32"]
[Time "20:59:33"]
[TimeControl "180+0"]

1. c4 c5 2. Nf3 Nf6 3. Nc3 Nc6 4. d4 cxd4 5. Nxd4 e6 6. g3 Qb6 7. Nb3 Bb4 8.
Bg2 O-O 9. O-O Bxc3 10. bxc3 Qc7 11. Bf4 e5 12. Bg5 d6 13. Bxf6 gxf6 14. Nd2
Be6 15. e3 Rad8 16. Qh5 Kh8 17. Ne4 Qe7 18. Qh6 Rg8 19. Nxf6 Rg7 20. Be4 Qf8
21. Kh1 Ne7 22. Nxh7 Ng8 23. Qh5 Bg4 24. Qh4 Bf3+ 25. Kg1 Rg4 26. Qxg4 Bxg4
27. Nxf8 Rxf8 28. Bxb7 Ne7 29. f3 Be6 30. Rfd1 Nf5 31. Kf2 Rb8 32. Rab1 Bxc4
33. Be4 Rxb1 34. Bxb1 Ne7 35. Rxd6 Kg7 36. f4 exf4 37. gxf4 a6 38. e4 Bb5
39. Ke3 Nc8 40. Rd4 Ne7 41. Bd3 Nc6 42. Bxb5 axb5 43. Rd5 {Black resigns}
1-0

[Event "ICCopen2016"]
[Site "Internet Chess Club"]
[Date "2016.06.03"]
[Round "11"]
[White "Chaos23"]
[Black "junard"]
[Result "0-1"]
[ICCResult "White resigns"]
[WhiteElo "1927"]
[BlackElo "1764"]
[Opening "Benko's opening"]
[ECO "A00"]
[NIC "VO.09"]
[Time "20:59:22"]
[TimeControl "180+0"]

1. g3 d5 2. Bg2 c6 3. d3 Nf6 4. Nd2 Bg4 5. h3 Bh5 6. Ngf3 e6 7. O-O Nbd7 8.
Qe1 Bc5 9. e4 dxe4 10. dxe4 e5 11. Nb3 Bb6 12. Bd2 O-O 13. Bc3 Re8 14. Rd1
Qc7 15. g4 Bg6 16. Nh4 a5 17. a4 Nc5 18. Nxc5 Bxc5 19. Nf5 b5 20. b3 b4 21.
Bb2 Red8 22. Rxd8+ Rxd8 23. Kh1 Qd7 24. f4 exf4 25. Bxf6 gxf6 26. Rxf4 Qd1
27. Qxd1 Rxd1+ 28. Rf1 Rd2 29. Rc1 h5 30. Kh2 hxg4 31. hxg4 Bf2 32. Ne7+ Kg7
33. Nxc6 Bb6 34. Kg3 Bc7+ 35. Kf3 Rxg2 36. Kxg2 Bxe4+ 37. Kf2 Bxc6 38. c3
Bf4 39. Rc2 Be4 40. cxb4 Bxc2 41. bxa5 Bxb3 42. a6 Bb8 43. a5 Bc4 44. Ke3
Bxa6 45. Ke4 Bc7 46. Kf5 Bxa5 47. g5 Bc8+ 48. Kf4 Bd2+ 49. Kf3 fxg5
{White resigns}
0-1